 Dungeon Crawl Stone Soup version 0.23.2-1-ga50397a (webtiles) character file.

Game seed: 7500429453742822954

22 goulibeur the Skirmisher (level 2, -1/27 HPs)
             Began as a Draconian Berserker on May 19, 2019.
             Was a Follower of Trog.
             Slain by a goblin
             ... wielding a +0 club
              (2 damage)
             ... on level 1 of the Dungeon.
             The game lasted 00:01:54 (264 turns).

goulibeur the Skirmisher (Draconian Berserker)       Turns: 264, Time: 00:01:54

Health: -1/27      AC:  4    Str: 19    XL:     2   Next: 68%
Magic:  2/2        EV: 12    Int:  7    God:    Trog [*.....]
Gold:   20         SH:  0    Dex: 10    Spells: 1/1 levels left

rFire    . . .     SeeInvis .   a - +0 falchion
rCold    . . .     Gourm    .   (no shield)
rNeg     . . .     Faith    .   (armour unavailable)
rPois    .         Spirit   .   (helmet restricted)
rElec    .         Reflect  .   (no cloak)
rCorr    .         Harm     .   (no gloves)
MR       .....                  (no boots)
Stlth    +.........             (no amulet)
HPRegen  0.09/turn              (no ring)
MPRegen  0.08/turn              (no ring)

@: no status effects
A: unfitting armour, cold-blooded, AC +4
a: Berserk, Renounce Religion


You were on level 1 of the Dungeon.
You worshipped Trog.
Trog was aware of your devotion.
You were not hungry.

You visited 1 branch of the dungeon, and saw 1 of its levels.

You collected 20 gold pieces.

Inventory:

Hand Weapons
 a - a +0 falchion (weapon)
Scrolls
 e - a scroll of remove curse {unknown}
 g - a scroll of amnesia {unknown}
 h - a scroll of teleportation {unknown}
Potions
 c - a potion of haste {unknown}
 d - a potion of magic {unknown}
 i - a potion of lignification {unknown}
Comestibles
 b - 2 rations
 f - 7 chunks of flesh


   Skills:
 + Level 3.7 Fighting
 + Level 3.3 Long Blades
 + Level 3.0 Dodging


You had one spell level left.
You didn't know any spells.
Your spell library was empty.

Dungeon Overview and Level Annotations

Branches:
Dungeon (1/15)

Altars:


Innate Abilities, Weirdness & Mutations

Your plain brown scales are hard. (AC +4)
You cannot fit into any form of body armour.
You are cold-blooded and may be slowed by cold attacks.


Message History

Your tail-slap misses the giant cockroach.
The giant cockroach bites you. The kobold hits you with a +0 whip.
The giant cockroach barely misses you.
You barely miss the giant cockroach. The giant cockroach barely misses you.
You riposte.
You closely miss the giant cockroach. The kobold misses you.
You hit the giant cockroach.
You kill the giant cockroach!
Trog accepts your kill. The kobold hits you with a +0 whip.
* * * LOW HITPOINT WARNING * * *
The goblin hits you but does no damage.
You hit the kobold.
You kill the kobold!
Trog accepts your kill.
You barely miss the goblin. The goblin hits you with a +0 club.
* * * LOW HITPOINT WARNING * * *
You hit the goblin.
Your tail-slap misses the goblin.
The goblin is severely wounded.
The goblin hits you with a +0 club.
You die...

##.....## #
#.......#
#.##..(..##
#.#..#...##
..........#
#####.##†.#
# #. #..# .
#.
#).########.
# #.
#..g@.......
### # #.
#.##########
#≈# # #..
##### # #..
#...### ...
#.>.'.. #...
#...##. #.
###.####
#D#.#X##
#####.####


You could see a goblin.

Vanquished Creatures
  A dart slug (D:1)
  A leopard gecko (D:1)
  2 bats (D:1)
  A giant cockroach (D:1)
  A goblin (D:1)
  2 hobgoblins (D:1)
  4 kobolds (D:1)
  2 ball pythons (D:1)
  A frilled lizard (D:1)
  3 rats (D:1)
18 creatures vanquished.

Notes
Turn   | Place    | Note
-------+----------+-------------------------------------------
     0 | D:1      | goulibeur the Draconian Berserker began the quest for the
                  | Orb.
     0 | D:1      | Reached XP level 1. HP: 19/19 MP: 1/1
     0 | D:1      | Noticed an ice dragon
     0 | D:1      | Noticed a large abomination
     4 | D:1      | Noticed an iron dragon
     4 | D:1      | Noticed an iron dragon
     7 | D:1      | Noticed an orb of fire
     8 | D:1      | Noticed an iron dragon
     9 | D:1      | Noticed a shadow dragon
    11 | D:1      | Noticed a tentacled monstrosity
    11 | D:1      | Noticed an iron dragon
    13 | D:1      | Noticed an iron dragon
    14 | D:1      | Noticed a large abomination
    15 | D:1      | Noticed an ice dragon
    15 | D:1      | Noticed an ice dragon
    17 | D:1      | Noticed an ice dragon
    19 | D:1      | Noticed a large abomination
    19 | D:1      | Noticed a large abomination
   121 | D:1      | Reached XP level 2. HP: 26/26 MP: 2/2
   263 | D:1      | HP: 1/27 [goblin/+0 club (5)]
   264 | D:1      | Slain by a goblin

Skill      XL: |  1  2 |
---------------+-------+-----
Dodging        | 3 |  3.0
Fighting       | |  3.7
Long Blades    | |  3.3

Action                   || total
-------------------------++-------
Melee: Falchion          ||    44
       Tailslap          ||     5
Armor: Skin              ||    13
Dodge: Dodged            ||    33
       Rpst.: Falchion   ||    12
